Map: King Sejong Station LE

Players

Fropez

  • Race: Protoss Protoss
  • League: Gold
  • Spawn Location: 5:00

IceNine - Winner!

  • Race: Zerg Zerg
  • League: Platinum
  • Spawn Location: 11:00

VOD

Have the link to the VOD?

Description

Time

  • Played on: Nov. 12, 2016, 11:51 a.m.
  • Length: 13:56
Show
View Real Time Build Order
Export as new Build Order

Fropez Protoss 

Build Orders:  

Get SALT Encoding   

  12  0:01  Probe (Chrono Boost)  
  13  0:13  Probe (Chrono Boost)  
  14  0:20  Pylon  
  14  0:24  Probe (Chrono Boost)  
  15  0:39  Probe (Chrono Boost)  
  15  0:40  Gateway  
  16  0:45  Assimilator  
  16  0:49  Probe (Chrono Boost)  
  17  1:00  Probe (Chrono Boost)  
  18  1:25  Gateway  
  17  1:33  Zealot  
  17  1:38  Cybernetics Core  
  19  1:40  Probe (Chrono Boost)  
  20  1:50  Pylon  
  20  1:51  Probe (Chrono Boost)  
  21  2:01  Probe (Chrono Boost)  
  22  2:12  Assimilator  
  22  2:15  Mothership Core (Chrono Boost)  
  24  2:34  Pylon  
  25  2:37  Probe (Chrono Boost)  
  25  2:45  Warp Gate (Chrono Boost)  
  25  2:47  Adept x2  
  25  2:48  Probe (Chrono Boost)  
  25  2:51  Gateway  
  30  2:58  Probe (Chrono Boost)  
  31  3:08  Nexus  
  31  3:11  Probe  
  32  3:23  Probe  
  33  3:27  Gateway  
  33  3:34  Stalker  
  35  3:36  Stalker  
  37  3:45  Pylon  
  37  3:49  Assimilator  
  37  3:53  Stalker  
  39  4:03  Probe  
  40  4:14  Pylon  
  40  4:15  Probe  
  41  4:26  Twilight Council  
  41  4:27  Probe  
  41  4:31  Probe  
  42  4:38  Pylon  
  43  4:47  Probe x2  
  45  4:57  Probe  
  46  5:02  Stalker  
  46  5:05  Resonating Glaives (Chrono Boost)  
  48  5:08  Assimilator  
  48  5:09  Pylon  
  48  5:12  Probe  
  48  5:14  Probe  
  50  5:30  Stalker x2  
  50  5:31  Stalker  
  50  5:33  Probe  
  50  5:34  Probe  
  58  5:43  Forge, Probe  
  58  5:48  Probe  
  60  5:50  Pylon  
  60  5:52  Pylon  
  60  5:54  Probe  
  60  5:56  Sentry x3  
  60  5:57  Sentry  
  69  6:15  Gateway  
  69  6:19  Pylon, Probe  
  69  6:21  Probe  
  71  6:28  Adept x2  
  71  6:29  Adept x2  
  74  6:51  Stalker x4  
  76  6:59  Probe  
  76  7:00  Probe  
  78  7:10  Probe  
  78  7:13  Probe  
  80  7:21  Stalker x3  
  86  7:30  Probe  
  86  7:31  Probe, Blink (Chrono Boost)  
  88  7:42  Probe  
  89  7:45  Probe, Stalker  
  92  7:52  Protoss Shields Level 1 (Chrono Boost)  
  92  7:57  Probe  
  93  8:08  Probe  
  93  8:10  Adept x3  
  93  8:11  Adept  
  102  8:17  Probe  
  90  8:39  Probe  
  90  8:40  Probe  
  83  8:57  Stalker x2  
  83  8:58  Stalker x2  
  83  9:00  Probe  
  83  9:01  Probe  
  93  9:12  Probe  
  93  9:15  Probe  
  95  9:27  Pylon  
  91  9:41  Pylon  
  91  9:49  Robotics Facility  
  89  9:53  Photon Cannon  
  89  10:02  Photon Cannon  
  79  10:08  Probe x2  
  79  10:13  Photon Cannon  
  77  10:18  Zealot x3  
  77  10:20  Photon Cannon, Templar Archives  
  76  10:29  Probe  
  76  10:30  Probe  
  78  10:37  Photon Cannon  
  78  10:39  Protoss Shields Level 2 (Chrono Boost)  
  79  10:43  Observer  
  79  10:44  Probe x2  
  70  11:09  Stalker x3  
  70  11:10  Stalker x2  
  74  11:36  Stalker  
  74  11:37  Stalker  
  74  11:38  Mothership Core  
  79  12:05  Pylon  
  79  12:31  Pylon  
  79  12:32  Pylon  
  73  12:49  Probe  
  68  13:03  High Templar x4  
  76  13:07  Archon x2  
  64  13:44  High Templar x3  
  64  13:48  Archon  
Show
View Real Time Build Order
Export as new Build Order

IceNine Zerg - Winner!

Build Orders: Pool First, Swarm Host 

Get SALT Encoding   

  12  0:01  Drone  
  13  0:23  Spawning Pool  
  13  0:26  Drone  
  13  0:35  Overlord  
  13  0:39  Drone  
  14  0:46  Overlord  
  14  0:53  Drone  
  15  0:59  Drone  
  16  1:11  Queen  
  18  1:25  Roach Warren  
  17  1:28  Extractor  
  17  1:29  Extractor  
  15  1:36  Overlord  
  15  1:41  Drone  
  15  1:43  Drone  
  17  1:48  Drone  
  18  2:05  Roach  
  20  2:10  Roach  
  22  2:21  Roach x2  
  26  2:27  Roach  
  28  2:36  Roach  
  30  2:40  Roach  
  32  3:04  Hatchery  
  31  3:15  Lair  
  31  3:24  Drone x2  
  33  3:38  Drone x3  
  36  3:43  Overlord  
  36  3:48  Drone  
  37  4:05  Drone  
  37  4:06  Drone x2  
  40  4:22  Spire  
  39  4:24  Drone x2  
  39  4:25  Drone x2  
  43  4:35  Drone x2  
  45  4:49  Extractor x2  
  45  4:52  Overlord  
  43  4:53  Overlord  
  43  4:55  Drone x2  
  45  5:06  Drone  
  47  5:07  Drone x3  
  49  5:15  Drone x2  
  51  5:37  Mutalisk x3  
  51  5:38  Mutalisk x2  
  61  5:48  Mutalisk  
  63  5:53  Mutalisk  
  65  6:06  Overseer, Hatchery  
  64  6:12  Mutalisk  
  64  6:16  Mutalisk  
  68  6:33  Overlord x3  
  68  7:06  Mutalisk  
  68  7:07  Mutalisk x4  
  78  7:18  Drone x2  
  80  7:35  Infestation Pit  
  79  7:37  Evolution Chamber  
  79  7:38  Evolution Chamber  
  79  7:39  Evolution Chamber  
  76  7:46  Drone  
  76  7:47  Drone x8  
  85  8:05  Drone x3  
  86  8:37  Swarm Host  
  86  8:38  Swarm Host x3  
  96  8:58  Overlord  
  96  8:59  Overlord x4  
  96  9:02  Extractor  
  95  9:04  Extractor  
  94  9:14  Swarm Host  
  94  9:16  Swarm Host x6  
  103  9:17  Hatchery  
  106  10:42  Swarm Host  
  106  10:43  Swarm Host x8  
  131  11:19  Swarm Host x2  
  131  11:20  Swarm Host x2  
  141  12:02  Infestor  
  141  12:03  Overlord  
  141  12:04  Overlord x4  
Tags
 
Add a new tag
Caveats
  • Supply blocks, unpowered buildings, or Contaminate may cause inaccurate times.
  • Supply counts are checked every 10 seconds.